 Dungeon Crawl Stone Soup version 0.30-a0-782-ge64f9170bb (webtiles) character file.

Game seed: 6949367351073083705

53 DEFE the Chiller (level 3, 0/27 HPs)
             Began as a Demonspawn Wanderer on Feb 21, 2023.
             Was a Follower of Okawaru.
             Slain by a goblin
             ... wielding a +0 club
              (4 damage)
             ... on level 2 of the Dungeon.
             The game lasted 00:01:31 (967 turns).

DEFE the Chiller (Demonspawn Wanderer)               Turns: 967, Time: 00:01:32

Health: 0/27       AC:  8    Str: 13 (15) XL:     3   Next: 62%
Magic:  4/4        EV:  6    Int: 11 (13) God:    Okawaru [*.....]
Gold:   98         SH:  0    Dex:  9 (11) Spells: 4/4 levels left

rFire   . . .      SeeInvis .    a - +0 club
rCold   . . .      Faith    .    (no shield)
rNeg    . . .      Spirit   .    d - +0 chain mail
rPois   .          Reflect  .    (no helmet)
rElec   .          Harm     .    (no cloak)
rCorr   .          Rampage  .    (no gloves)
Will    .....                    (no boots) Stlth
                                 (no amulet)
HPRegen 0.24/turn                (no ring)
MPRegen 0.09/turn                (no ring)

@: no status effects
A: hooves 1, demonic magic 1
a: Renounce Religion, Heroism


You were on level 2 of the Dungeon.
You worshipped Okawaru.
Okawaru was aware of your devotion.
You visited 1 branch of the dungeon, and saw 2 of its levels.

You collected 98 gold pieces.

Inventory:

Hand Weapons
 a - a +0 club (weapon)
Armour
 c - a +0 scale mail
 d - a +0 chain mail (worn)
Scrolls
 b - a scroll of fear
 f - 4 scrolls of identify {unknown}
Potions
 h - 2 potions of brilliance
 i - a potion of curing {unknown}
 j - a potion of might {unknown}


   Skills:
 + Level 2.1 Fighting
 - Level 2.3 Armour
 - Level 1.7 Dodging
 - Level 1.1 Spellcasting
 - Level 2.1 Hexes
 - Level 2.8 Ice Magic


You had 4 spell levels left.
You didn't know any spells.
Your spell library contained the following spells:

 Spells                   Type           Power      Damage    Failure   Level
 Freeze                   Ice            24%        1d4       97%         1
 Slow                     Hex            20%        N/A       99%         1
 Dazzling Flash           Conj/Hex       6%         N/A       100%        3
 Hailstorm                Conj/Ice       3%         3d3       100%        3
 Ozocubu's Armour         Ice            6%         N/A       100%        3


Dungeon Overview and Level Annotations

Branches:
Dungeon (2/15)

Altars:
Okawaru

Shops:
D:1 [


Innate Abilities, Weirdness & Mutations

You have large cloven feet.
Spells you cast may paralyse adjacent enemies.


Message History

The sling bullet hits you but does no damage.
The goblin shoots a sling bullet.
The sling bullet hits you.
The goblin shoots a sling bullet.
The sling bullet barely misses you.
You swing at nothing.
You barely miss the goblin. You kick the goblin.
The goblin unwields a +0 sling.
The goblin wields a +0 dagger.
The goblin hits you with a +0 dagger.
You barely miss the goblin. Your kick misses the goblin.
The goblin barely misses you.
You closely miss the goblin. The goblin hits you but does no damage.
The goblin barely misses you.
You hit the goblin.
You kill the goblin!
Okawaru accepts your kill.
The goblin shoots a sling bullet.
The sling bullet hits you.
You swing at nothing.
The goblin shoots a sling bullet.
The sling bullet hits you but does no damage.
You swing at nothing.
The goblin shoots a sling bullet.
The sling bullet barely misses you.
The goblin shoots a sling bullet.
The sling bullet hits you.
* * * LOW HITPOINT WARNING * * *
You swing at nothing.
The goblin shoots a sling bullet.
The sling bullet hits you.
* * * LOW HITPOINT WARNING * * *
You swing at nothing.
The goblin shoots a sling bullet.
The sling bullet hits you.
* * * LOW HITPOINT WARNING * * *
You swing at nothing.
The goblin shoots a sling bullet.
The sling bullet hits you but does no damage.
The goblin shoots a sling bullet.
The sling bullet hits you but does no damage.
You swing at nothing.
You feel a little less clever now.
You closely miss the goblin.
The goblin unwields a +0 sling.
The goblin wields a +0 club.
The goblin barely misses you.
You barely miss the goblin. Your kick misses the goblin.
The goblin barely misses you.
You barely miss the goblin. Your kick misses the goblin.
The goblin hits you but does no damage. The goblin hits you with a +0 club.
You die...

#.#####....# .#
#.......##.....#
#####...##.#
..##.#
#......###.# .#
#..†......... .#
#.....####... #
#.....# #####
#.....# ##@####
#####g##
###......#
...#[.......#
............#
....(.......#
............#
........#+###
......>..


You could see a goblin.

Vanquished Creatures
  Ijyb (D:2)
  2 bats (D:2)
  2 giant cockroaches (D:1)
  6 goblins (D:2)
  3 hobgoblins
  4 jackals (D:1)
  3 ball pythons (D:1)
  A frilled lizard (D:1)
  3 rats
25 creatures vanquished.

Notes
Turn   | Place    | Note
-------+----------+-------------------------------------------
     0 | D:1      | DEFE the Demonspawn Wanderer began the quest for the Orb.
     0 | D:1      | DEFE set off with the following items: a +0 club, a scroll
                  | of fear, a +0 scale mail; and the following spells
                  | available to memorise: Freeze, Slow, Ozocubu's Armour,
                  | Hailstorm, Dazzling Flash.
     0 | D:1      | Reached XP level 1. HP: 15/15 MP: 2/2
   454 | D:1      | Gained mutation: Spells you cast may paralyse adjacent
                  | enemies. [demonic ancestry]
   454 | D:1      | Reached XP level 2. HP: 14/21 MP: 3/3
   542 | D:1      | Found Yrakutov's Armour Shoppe.
   719 | D:2      | Found a faded altar of an unknown god.
   746 | D:2      | Prayed at the altar of an unknown god.
   746 | D:2      | Became a worshipper of Warmaster Okawaru
   746 | D:2      | Reached * piety under Okawaru
   876 | D:2      | Noticed Ijyb
   925 | D:2      | HP: 1/21 [Ijyb/+0 dagger (3)]
   941 | D:2      | Killed Ijyb
   942 | D:2      | Discovered your monstrous ancestry.
   942 | D:2      | Gained mutation: You have large cloven feet. [demonic
                  | ancestry]
   942 | D:2      | Reached XP level 3. HP: 20/27 MP: 2/4
   967 | D:2      | Slain by a goblin

Illustrated notes

Levels and vault maps discovered:
D:1:      minmay_arrival_semitransparent, layout_loops_ring, serial_shops,
          nicolae_shop_temple_entry_statues_fountains
D:2:      kennysheep_the_goblin_king, layout_basic, serial_shops, shop_statue,
          hellmonk_ecumenical_altar_crossroads, minmay_goblin_kobold_house

Skill      XL: |  1  2  3 |
---------------+----------+-----
Armour         | 2 |  2.3
Fighting       | 2 |  2.1
Dodging        | |  1.7
Spellcasting   | |  1.1
Hexes          | |  2.1
Ice Magic      | |  2.8

Action                     || total
---------------------------++-------
  Melee: Club              ||   184
         Unarmed           ||    18
         Punch             ||     1
         Kick              ||     5
 Invoke: Heroism           ||     1
    Use: Potion            ||     3
 Armour: Chain mail        ||   157
         Skin              ||     3
  Dodge: Dodged            ||    93

Table legend: (Time is in decaauts)
 A = Elapsed time spent in this place.
 B = Non-inter-level travel time spent in this place.
 C = Inter-level travel time spent in this place.
 D = Time resting spent in this place.
 E = Time spent auto-exploring this place.
 F = Levels seen in this place.
 G = Mean time per level.
                   A        B        C        D        E       F      G
               +--------+--------+--------+--------+--------+-----+--------+
         Total |   1020 |   1010 |     10 |     32 |    619 |   2 |  510.0 |
       Dungeon |   1020 |   1010 |     10 |     32 |    619 |   2 |  510.0 |
               +--------+--------+--------+--------+--------+-----+--------+

Top non-repeatable levels by time:
     D:1: 730 daAuts
     D:2: 289 daAuts
